 Dungeon Crawl Stone Soup version 0.29.1-12-g30fa7ad0bf (webtiles) character file.

Game seed: 12853832084172781760

8508 nachturnus the Fencer (level 11, -3/90 HPs)
             Began as a Minotaur Monk on Jan 10, 2023.
             Was an Elder of Dithmenos.
             Killed from afar by Erica (15 damage)
             ... with a lance of force
             ... on level 9 of the Dungeon on Jan 11, 2023.
             The game lasted 00:28:09 (10674 turns).

nachturnus the Fencer (Minotaur Monk)              Turns: 10674, Time: 00:28:10

Health: -3/90      AC: 17    Str: 24    XL:     11   Next: 10%
Magic:  10/10      EV:  7    Int:  6    God:    Dithmenos [****..]
Gold:   610        SH:  0    Dex: 15    Spells: 10/10 levels left

rFire   . . .      SeeInvis +   d - +7 long sword "Newtslayer" {pain, Dex+3}
rCold   . . .      Faith    .   (no shield)
rNeg    . . .      Spirit   .   h - +1 plate armour
rPois   .          Reflect  .   (helmet restricted)
rElec   .          Harm     .   t - +0 cloak
rCorr   .          Rampage  .   (no gloves)
Will    .....                   n - +0 pair of boots
Stlth   ..........              (no amulet)
HPRegen 0.00/turn               z - +4 ring of protection
MPRegen 0.12/turn               j - ring of see invisible

@: inhibited regen, hasted and slowed, wreathed by umbra
A: horns 2, retaliatory headbutt, robust 1, inhibited regeneration, strong 1
a: Renounce Religion, Shadow Step


You were on level 9 of the Dungeon.
You worshipped Dithmenos.
Dithmenos was greatly pleased with you.
You visited 1 branch of the dungeon, and saw 9 of its levels.
You also visited: Bailey.

You collected 610 gold pieces.

Inventory:

Hand Weapons
 a - a +0 hand axe
 d - the +7 long sword "Newtslayer" (weapon) {pain, Dex+3}
   (You found it on level 2 of the Dungeon)

   In the hands of one skilled in necromantic magic, it inflicts extra damage on
   living creatures.
   Dex:       It affects your dexterity (+3).
 o - a +2 spectral war axe
 B - a +2 mace of protection
 D - a +4 vorpal hand axe
Missiles
 s - 3 silver javelins (quivered)
Armour
 h - a +1 plate armour (worn)
 n - a +0 pair of boots (worn)
 t - a +0 cloak (worn)
Jewellery
 b - a ring of protection from cold
 i - a ring of poison resistance
 j - a ring of see invisible (right hand)
 x - a ring of flight
 z - a +4 ring of protection (left hand)
Wands
 g - a wand of flame (17)
 q - a wand of iceblast (8)
Scrolls
 u - a scroll of enchant weapon {unknown}
 v - 3 scrolls of amnesia
 w - 2 scrolls of fog
 y - a scroll of teleportation
 A - a scroll of poison
 C - a scroll of identify
Potions
 c - 3 potions of ambrosia
 e - a potion of magic
 f - 2 potions of haste
 k - a potion of resistance
 l - a potion of might
 m - 3 potions of flight
 p - 6 potions of lignification
 r - a potion of attraction
 F - a potion of cancellation
 G - a potion of invisibility
 H - a potion of brilliance
 I - 2 potions of mutation


   Skills:
 - Level 3.6 Fighting
 - Level 16.8 Long Blades
 - Level 5.2(8.5) Axes
 + Level 10.5(11.0) Maces & Flails
 - Level 3.2 Dodging
 - Level 1.5 Stealth


You had 10 spell levels left.
You didn't know any spells.
Your spell library contained the following spells:

 Spells                   Type           Power      Damage    Failure   Level
 Freeze                   Ice            0%         1d3       100%        1
 Magic Dart               Conj           0%         1d3       100%        1
 Shock                    Conj/Air       0%         1d3       100%        1
 Slow                     Hex            0%         N/A       100%        1
 Call Imp                 Summ           0%         N/A       100%        2
 Searing Ray              Conj           0%         2d4       100%        2
 Confusing Touch          Hex            0%         N/A       100%        3
 Frozen Ramparts          Ice            0%         1d1       100%        3
 Ignite Poison            Fire/Tmut/Pois 0%         N/A       100%        3
 Mephitic Cloud           Conj/Pois/Air  0%         N/A       100%        3
 Swiftness                Air            0%         N/A       100%        3
 Vampiric Draining        Necr           0%         2d6       100%        3
 Airstrike                Air            0%         2d(0-16)  100%        4
 Corpse Rot               Necr/Pois/Air  0%         N/A       100%        4
 Dispel Undead            Necr           0%         3d6       100%        4
 Fulminant Prism          Conj/Hex       0%         3d6       100%        4
 Hailstorm                Conj/Ice       0%         3d3       100%        4
 Freezing Cloud           Conj/Ice/Air   0%         6-21      100%        5
 Death Channel            Necr           0%         N/A       100%        6


Dungeon Overview and Level Annotations

Branches:
Dungeon (9/15)             Temple (0/1) D:7            Lair (0/5) D:8
 Bailey (visited)
    Orc: D:9-12

Altars:
Ashenzari
Cheibriados
Dithmenos
Gozag
Okawaru
Ru
Sif Muna

Annotations:
D:8 1 runed translucent door, hawla's ghost, journeyman MeFE
D:9 Erica


Innate Abilities, Weirdness & Mutations

You have a pair of horns on your head.
You reflexively headbutt those who attack you in melee.
You are robust. (+10% HP)
You do not regenerate when monsters are visible.
Your muscles are strong. (Str +4, Int/Dex -1)


Message History

Erica is moderately wounded.
Your shadow barely misses Erica.
Erica points at you and mumbles some strange words.
You feel yourself slow down.
You closely miss Erica. You punch Erica.
Erica is moderately wounded.
Erica casts a spell at you.
You are confused.
You bump into the rock wall.
Erica seems less brilliant.
Erica gestures at you while chanting. The lance of force hits you!
You are knocked back by the lance of force.
You slam into the rock wall!
Erica hits you with a +4 scimitar of flaming.
* * * LOW HITPOINT WARNING * * *
Erica burns you.
* * * LOW HITPOINT WARNING * * *
You bump into the rock wall.
Erica barely misses you.
You're too confused to move!
Erica hits you with a +4 scimitar of flaming!
* * * LOW HITPOINT WARNING * * *
Erica burns you.
* * * LOW HITPOINT WARNING * * *
Erica completely misses you.
You slash Erica!
Erica is heavily wounded.
Your shadow misses Erica. Erica hits you but does no damage.
You are too confused!
It was a potion of heal wounds.
You feel much better.
You feel less confused.
Erica points at you and mumbles some strange words.
The lance of force hits you!
* * * LOW HITPOINT WARNING * * *
You are knocked back by the lance of force.
You slam into the rock wall!
Unknown command.
You feel yourself speed up. Erica hits you but does no damage.
Erica casts a spell at you. The lance of force hits you!
You die...

#...### ##'## #.#
#.....# #.# #.#
#...#.# #.# ######.#
#####.# ##.## #......#
#.# ##...###.######
#####.#### #.....##.#
#........#####...###.#
#.###.........#.####.#
#........####@@Y.....#
########## ###Y######
#.# #Y# #.# .Y# ...#
Y##.# .@ #.#


You could see Erica (invisible) and 2 yaks.

Vanquished Creatures
  Erolcha (D:9)
  An orc knight (Bailey)
  5 gargoyles (D:7)
  Joseph (D:7)
  Psyche (D:8)
  2 trolls
  Grinder (D:5)
  Prince Ribbit (D:6)
  A wyvern (D:8)
  Eustachio (D:6)
  Grum (D:8)
  3 yaks (D:9)
  A steam dragon (D:9)
  A water moccasin (D:6)
  A black bear (D:3)
  8 orc warriors
  4 sky beasts (D:7)
  An ice beast (D:5)
  2 ogres (D:6)
  A centaur (D:8)
  3 wolves (D:8)
  A kobold brigand (D:7)
  3 bullfrogs
  2 necrophages
  4 scorpions
  4 wights (D:8)
  A howler monkey (D:8)
  A hound (D:6)
  4 jellies
  8 orc priests
  Crazy Yiuf (D:5)
  Ijyb (D:5)
  Terence (D:3)
  An iguana (D:6)
  8 orc wizards
  3 gnolls (D:4)
  9 adders
  A shadow imp (D:6)
  2 white imps
  3 ufetubi
  2 worms
  42 orcs
  6 ball pythons
  4 bats
  2 endoplasms
  4 giant cockroaches
  14 goblins
  5 hobgoblins
  12 jackals
  12 kobolds
  A quokka (D:1)
  A frilled lizard (D:1)
  3 rats (D:3)
207 creatures vanquished.

Vanquished Creatures (others)
  2 fungi (D:9)
2 creatures vanquished.

Grand Total: 209 creatures vanquished

Notes
Turn   | Place    | Note
-------+----------+-------------------------------------------
     0 | D:1      | nachturnus the Minotaur Monk began the quest for the Orb.
     0 | D:1      | Reached XP level 1. HP: 19/19 MP: 0/0
    14 | D:1      | Reached XP level 2. HP: 19/26 MP: 1/1
   235 | D:1      | Found a faded altar of an unknown god.
   643 | D:1      | Reached skill level 5 in Axes
   783 | D:2      | Reached XP level 3. HP: 31/31 MP: 2/2
   910 | D:2      | Identified the +7 long sword "Newtslayer" {pain, Dex+3}
  1518 | D:3      | Reached skill level 1 in Long Blades
  1596 | D:3      | Noticed Terence
  1602 | D:3      | Killed Terence
  1603 | D:3      | Reached skill level 2 in Long Blades
  1603 | D:3      | Reached XP level 4. HP: 30/39 MP: 3/3
  1808 | D:3      | Reached skill level 3 in Long Blades
  1970 | D:3      | Found an iron altar of Okawaru.
  2068 | D:3      | Noticed a black bear
  2075 | D:3      | Killed a black bear
  2076 | D:3      | Reached skill level 4 in Long Blades
  2076 | D:3      | Reached XP level 5. HP: 34/45 MP: 4/4
  2163 | D:3      | Reached skill level 5 in Long Blades
  2351 | D:3      | Found a broken altar of Ashenzari.
  2686 | D:3      | Gained mutation: Your flesh is cold resistant. (rC+)
                  | [potion of mutation]
  2686 | D:3      | Gained mutation: You occasionally lose the ability to drink
                  | potions when taking damage. [potion of mutation]
  2686 | D:3      | Gained mutation: You are partially covered in iridescent
                  | scales. (AC +2) [potion of mutation]
  2743 | D:4      | Reached skill level 6 in Long Blades
  2743 | D:4      | Reached XP level 6. HP: 51/51 MP: 5/5
  3641 | D:4      | Reached skill level 7 in Long Blades
  3901 | D:5      | Entered Level 5 of the Dungeon
  3906 | D:5      | Noticed Ijyb
  3913 | D:5      | Killed Ijyb
  3966 | D:5      | Noticed Grinder
  3996 | D:5      | Killed Grinder
  3997 | D:5      | Reached skill level 8 in Long Blades
  3997 | D:5      | Reached XP level 7. HP: 27/57 MP: 6/6
  4173 | D:5      | Found a shadowy altar of Dithmenos.
  4179 | D:5      | Became a worshipper of Dithmenos the Shadowed
  4179 | D:5      | Reached * piety under Dithmenos
  4179 | D:5      | Reached ** piety under Dithmenos
  4451 | D:5      | Reached skill level 9 in Long Blades
  4800 | D:5      | Found a runed translucent door.
  4801 | D:5      | Noticed Crazy Yiuf
  4860 | D:5      | Found a sacrificial altar of Ru.
  4916 | D:5      | Killed Crazy Yiuf
  4917 | D:5      | Reached skill level 10 in Long Blades
  5084 | D:6      | Found a shimmering blue altar of Sif Muna.
  5085 | D:6      | Found an opulent altar of Gozag.
  5117 | D:6      | Noticed Eustachio
  5139 | D:6      | Reached XP level 8. HP: 34/64 MP: 7/7
  5175 | D:6      | Killed Eustachio
  5176 | D:6      | Reached skill level 11 in Long Blades
  5370 | D:6      | Noticed Prince Ribbit
  5388 | D:6      | Killed Prince Ribbit
  5550 | D:6      | Reached skill level 12 in Long Blades
  5792 | D:6      | Reached skill level 13 in Long Blades
  5964 | D:7      | Reached XP level 9. HP: 70/70 MP: 8/8
  5977 | D:7      | Found a staircase to the Ecumenical Temple.
  6284 | D:7      | Noticed a troll
  6292 | D:7      | Killed a troll
  6293 | D:7      | Reached skill level 14 in Long Blades
  6574 | D:7      | Noticed Joseph
  6591 | D:7      | Killed Joseph
  6591 | D:7      | Reached *** piety under Dithmenos
  6592 | D:7      | Reached skill level 15 in Long Blades
  6817 | D:7      | Noticed a gargoyle
  6820 | D:7      | Killed a gargoyle
  6906 | D:7      | Noticed a gargoyle
  6911 | D:7      | Killed a gargoyle
  6912 | D:7      | Reached skill level 16 in Long Blades
  7118 | D:7      | Noticed a gargoyle
  7127 | D:7      | Killed a gargoyle
  7128 | D:7      | Reached XP level 10. HP: 32/77 MP: 9/9
  7337 | D:7      | Noticed a gargoyle
  7341 | D:7      | Killed a gargoyle
  7344 | D:7      | Noticed a gargoyle
  7351 | D:7      | Killed a gargoyle
  7925 | D:8      | Reached skill level 1 in Maces & Flails
  8064 | D:8      | Found a runed translucent door.
  8065 | D:8      | Noticed hawla's ghost (journeyman MeFE)
  8112 | D:8      | Found a staircase to the Lair.
  8193 | D:8      | Found a flagged portal.
  8200 | Bailey   | Entered a bailey
  8506 | Bailey   | Reached **** piety under Dithmenos
  8507 | Bailey   | Reached skill level 5 in Maces & Flails
  8877 | Bailey   | Noticed an orc knight
  8953 | Bailey   | Noticed an orc knight
  8959 | Bailey   | Killed an orc knight
  9475 | D:8      | Noticed Grum
  9492 | D:8      | Killed Grum
  9679 | D:8      | Noticed Psyche
  9686 | D:8      | Killed Psyche
  9718 | D:8      | Lost mutation: Your flesh is cold resistant. (rC+) [potion
                  | of mutation]
  9718 | D:8      | Lost mutation: You occasionally lose the ability to drink
                  | potions when taking damage. [potion of mutation]
  9718 | D:8      | Lost mutation: You are partially covered in iridescent
                  | scales. (AC +2) [potion of mutation]
  9718 | D:8      | Gained mutation: You are frail. (-10% HP) [potion of
                  | mutation]
  9718 | D:8      | Gained mutation: Your flesh is heat resistant. (rF+)
                  | [potion of mutation]
  9719 | D:8      | Lost mutation: Your flesh is heat resistant. (rF+) [potion
                  | of mutation]
  9719 | D:8      | Lost mutation: You are frail. (-10% HP) [potion of
                  | mutation]
  9719 | D:8      | Gained mutation: You are frail. (-10% HP) [potion of
                  | mutation]
  9720 | D:8      | Lost mutation: You are frail. (-10% HP) [potion of
                  | mutation]
  9720 | D:8      | Gained mutation: You are agile. (Dex +4, Str/Int -1)
                  | [potion of mutation]
  9720 | D:8      | Gained mutation: You have large cloven feet. [potion of
                  | mutation]
  9720 | D:8      | Gained mutation: You do not regenerate when monsters are
                  | visible. [potion of mutation]
  9720 | D:8      | Gained mutation: Your flesh is cold resistant. (rC+)
                  | [potion of mutation]
  9721 | D:8      | Lost mutation: You have large cloven feet. [potion of
                  | mutation]
  9721 | D:8      | Lost mutation: Your flesh is cold resistant. (rC+) [potion
                  | of mutation]
  9721 | D:8      | Gained mutation: You are weak. (Str -2) [potion of
                  | mutation]
  9721 | D:8      | Gained mutation: You are robust. (+10% HP) [potion of
                  | mutation]
  9721 | D:8      | Gained mutation: You expend magic power (3 MP) to
                  | strengthen your wands. [potion of mutation]
  9722 | D:8      | Lost mutation: You are agile. (Dex +4, Str/Int -1) [potion
                  | of mutation]
  9722 | D:8      | Lost mutation: You expend magic power (3 MP) to strengthen
                  | your wands. [potion of mutation]
  9722 | D:8      | Lost mutation: You are weak. (Str -2) [potion of mutation]
  9722 | D:8      | Gained mutation: Your muscles are strong. (Str +4, Int/Dex
                  | -1) [potion of mutation]
 10081 | D:9      | Found a snail-covered altar of Cheibriados.
 10579 | D:9      | Noticed Erolcha
 10620 | D:9      | Killed Erolcha
 10621 | D:9      | Reached skill level 10 in Maces & Flails
 10621 | D:9      | Reached XP level 11. HP: 90/90 MP: 10/10
 10644 | D:9      | Noticed Erica
 10674 | D:9      | Killed from afar by Erica

Illustrated notes

Levels and vault maps discovered:
D:1:      scummos_arrival_star, layout_rooms,
          shapermc_ecumenical_altar_notcrosses
D:2:      layout_loops_cross
D:3:      layout_loops_corners, mainiacjoe_overflow_swirl,
          serial_park_tiny_pond, uniq_terence
D:4:      layout_layer_cave
D:5:      layout_basic, grunt_dithmenos_smoke_and_mirrors,
          nicolae_ru_path_of_blood, uniq_grinder, uniq_ijyb,
          uniq_crazy_yiuf_cottage
D:6:      layout_basic, mainiacjoe_overflow_divided_tiny, uniq_eustachio,
          uniq_prince_ribbit1
D:7:      cheibrodos_statue_roulette, layout_rooms, temple_doors_e,
          nicolae_lava_and_water, uniq_joseph
D:8:      layout_loops_ring, lair_entry_dummy, enter_bailey_3,
          ebering_ghost_inner_flame, uniq_psyche, uniq_grum
D:9:      layout_loops_corners, mainiacjoe_overflow_tiny_flanked, uniq_pikel,
          uniq_erolcha, uniq_maurice, uniq_erica

Skill      XL: |  1  2  3  4  5  6  7  8  9 10 |
---------------+-------------------------------+-----
Axes           | 4 5 |  5.2
Long Blades    | 2 4 6 8 10 13 16 | 16.8
Maces & Flails | 10 | 10.5
Fighting       | |  3.6
Dodging        | |  3.2
Stealth        | |  1.5

Action                   |  1- 3 |  4- 6 |  7- 9 | 10-12 || total
-------------------------+-------+-------+-------+-------++-------
Melee: Hand axe          |    49 |       |       |       ||    49
       Headbutt          |     9 |    13 |    38 |    38 ||    98
       Long sword        |     9 |    98 |   192 |   196 ||   495
       Punch             |       |     1 |     3 |     5 ||     9
  Use: Scroll            |     8 |     3 |     7 |     5 ||    23
       Potion            |       |     2 |     2 |    12 ||    16
 Stab: Sleeping          |     1 |       |       |       ||     1
Armor: Robe              |    11 |       |       |       ||    11
       Ring mail         |     7 |       |       |       ||     7
       Scale mail        |     2 |       |       |       ||     2
       Chain mail        |     1 |    11 |       |       ||    12
       Plate armour      |       |    61 |   133 |    89 ||   283
Dodge: Dodged            |    37 |    34 |    66 |    73 ||   210
